Map: Tempio ghiacciato

Players

Jhyrachy - Winner!

  • Race: Zerg Zerg
  • League: Gold

Tourtefouill

  • Race: Zerg Zerg
  • League: Gold

VOD

Have the link to the VOD?

Description

Time

  • Played on: May 17, 2016, 4:15 p.m.
  • Length: 5:23
Show
View Real Time Build Order
Export as new Build Order

Jhyrachy Zerg - Winner!

Build Orders: Pool First 

Get SALT Encoding   

  12  0:01  Drone  
  13  0:11  Drone  
  14  0:23  Extractor  
  14  0:25  Drone  
  14  0:27  Extractor  
  14  0:36  Spawning Pool  
  13  0:47  Overlord  
  13  0:58  Drone  
  14  1:08  Drone x2  
  14  1:10  Drone  
  17  1:21  Overlord  
  17  1:25  Queen  
  17  1:32  Drone  
  20  1:36  Metabolic Boost  
  20  1:44  Drone  
  21  1:54  Zergling x2  
  22  2:04  Zergling x2  
  23  2:14  Hatchery  
  22  2:22  Zergling x2  
  23  2:28  Drone  
  23  2:29  Evolution Chamber  
  23  2:35  Zergling x6  
  26  2:57  Zergling x2  
  26  2:58  Zergling x2  
  28  2:59  Queen  
  28  3:01  Zerg Melee Weapons Level 1  
  27  3:54  Drone x4  
  27  3:55  Overlord  
  31  3:56  Zergling x4  
  33  4:05  Spore Crawler  
  33  4:06  Drone  
  33  4:07  Drone  
  33  4:09  Spore Crawler  
  33  4:16  Zergling x4  
  35  4:23  Zergling x6  
  38  4:27  Overlord  
  38  4:38  Drone x2  
  40  4:39  Zergling x4  
  40  4:40  Zergling x2  
  43  4:57  Drone x5  
  48  5:04  Spine Crawler  
  47  5:13  Hatchery  
Show
View Real Time Build Order
Export as new Build Order

Tourtefouill Zerg 

Build Orders: Hatch First 

Get SALT Encoding   

  12  0:02  Drone  
  13  0:12  Overlord  
  13  0:22  Drone  
  14  0:40  Drone x3  
  17  0:55  Hatchery  
  16  1:02  Drone  
  17  1:05  Drone  
  18  1:15  Spawning Pool  
  17  1:19  Extractor  
  17  1:22  Drone  
  17  1:24  Drone  
  18  1:34  Drone  
  19  1:52  Overlord  
  19  1:56  Drone  
  20  2:05  Queen  
  20  2:06  Queen  
  24  2:09  Drone  
  24  2:10  Drone  
  24  2:15  Extractor  
  25  2:21  Metabolic Boost  
  25  2:26  Drone x2  
  27  2:41  Drone x2  
  27  2:42  Drone x2  
  31  2:55  Drone x2  
  33  3:02  Zergling x2  
  33  3:03  Zergling x2  
  35  3:21  Lair  
  35  3:24  Overlord  
  35  3:25  Overlord x2  
  32  4:02  Queen  
  34  4:16  Drone  
  35  4:17  Drone x6  
  35  4:18  Drone x2  
  43  4:24  Extractor  
  43  4:26  Extractor  
  41  4:33  Queen  
  43  4:42  Hydralisk Den  
  42  4:47  Evolution Chamber  
  42  4:49  Drone, Evolution Chamber  
  42  4:50  Drone x2  
Tags
 
Add a new tag
Caveats
  • Supply blocks, unpowered buildings, or Contaminate may cause inaccurate times.
  • Supply counts are checked every 10 seconds.